 Dungeon Sprint DCSS version 0.24-a0-446-g87df7205b4 (webtiles) character file.

Game seed: 2168604586500842909

17355 Conn the Eclecticist (level 12, -6/61 HPs)
             Began as a Deep Elf Fire Elementalist on June 24, 2019.
             Was the Champion of Vehumet.
             Killed from afar by Guffewath the pandemonium lord (43 damage)
             ... with a great blast of fire
             ... in the Dungeon (Sprint V: "Ziggurat Sprint").
             The game lasted 00:23:05 (964 turns).

Conn the Eclecticist (Deep Elf Fire Elementalist)    Turns: 964, Time: 00:23:05

Health: -6/61      AC:  5    Str:  5    XL:     12   Next: 18%
Magic:  0/36       EV: 18    Int: 38    God:    Vehumet [******]
Gold:   0          SH:  9    Dex: 15    Spells: 8/48 levels left

rFire    + . .     SeeInvis .   U - staff of fire
rCold    + . .     Gourm    .   J - +3 buckler
rNeg     . . .     Faith    .   S - +1 robe {rC+}
rPois    .         Spirit   +   (no helmet)
rElec    +         Reflect  .   M - scarf {cloud immunity}
rCorr    .         Harm     .   (no gloves)
MR       +....     NoTele   +   O - +1 pair of boots {Fly}
Stlth    ++++......             P - amulet of the Frog {Spirit +Blink rElec}
HPRegen  0.20/turn              A - +6 ring of intelligence
MPRegen  0.25/turn              B - +6 ring of intelligence

@: flying, hasted, very quick
A: no striking features
a: Renounce Religion, Evoke Blink, Stop Flying


You were in the Dungeon.
You worshipped Vehumet.
Vehumet was exalted by your worship.
You were not hungry.

You visited 1 branch

Inventory:

Hand Weapons
 F - the +6 Majin-Bo {vamp, Archmagi MP+6 Int+6}
   (You found it in the Dungeon)

   It inflicts no extra harm, but heals its wielder when it wounds a living foe.
   It affects your intelligence (+6).
   It affects your magic capacity (+6).
 G - the +9 heavy crossbow "Sniper" {velocity, Acc+∞ SInv}
   (You found it in the Dungeon)

   Any bolt fired from it inflicts extra damage.
   It lets you see invisible.
 I - the +8 lance "Wyrmbane" {slay drac, rPois rF+ rC+ AC+3}
   (You found it in the Dungeon)

   It affects your AC (+3).
   It protects you from fire.
   It protects you from cold.
   It protects you from poison.
 K - the cursed +2 flail "Hiovu" {distort, rC- rN+++ Dex+5}
   (You found it in the Dungeon)

   It warps and distorts space around it.
   Unwielding it can cause banishment or high damage.
   It affects your dexterity (+5).
   It makes you vulnerable to cold.
   It renders you almost immune to negative energy.
   It has a curse placed upon it.
Armour
 a - a +0 robe
 q - a +3 ring mail of magic resistance
 H - the +18 shield of the Gong {rElec rN+ MR+ EV-5}
   (You found it in the Dungeon)

   It affects your evasion (-5).
   It insulates you from electricity.
   It protects you from negative energy.
   It affects your resistance to hostile enchantments.
 J - a +3 buckler (worn)
 M - a scarf of cloud immunity (worn)
 O - a +1 pair of boots of flying (worn)
 S - a +1 robe of cold resistance (worn)
Magical Staves
 E - an uncursed staff of energy
 Q - an uncursed staff of conjuration
 R - an uncursed staff of power
 U - an uncursed staff of fire (weapon)
Jewellery
 l - the amulet of Syoqahuv {+Rage rElec Str+4}
   (You found it in the Dungeon)

   [amulet of rage]

   It affects your strength (+4).
   It insulates you from electricity.
   It lets you go berserk.
 x - an uncursed ring of flight
 y - a +6 ring of dexterity
 z - a +6 ring of dexterity
 A - a +6 ring of intelligence (left hand)
 B - a +6 ring of intelligence (right hand)
 C - a +6 ring of strength
 D - a +6 ring of strength
 L - the amulet "Gehatuj" {+Blink +Rage MR+}
   (You found it in the Dungeon)

   [amulet of rage]

   It affects your resistance to hostile enchantments.
   It lets you blink.
   It lets you go berserk.
 P - the amulet of the Frog (around neck) {Spirit +Blink rElec}
   (You found it in the Dungeon)

   [amulet of guardian spirit]

   It causes incoming damage to be split between your health and magic.
   It insulates you from electricity.
   It lets you blink.
 T - the brooch of Shielding {Reflect SH+8}
   (You found it in the Dungeon)

   [amulet of reflection]

   It shields you and reflects attacks.
   It affects your SH (+8).
Wands
 u - a wand of disintegration (4)
 v - a wand of iceblast (5)
 w - a wand of acid (3)
Scrolls
 i - 2 scrolls of blinking
 o - a scroll of amnesia
 p - 7 scrolls of fog
 r - 5 scrolls of identify
 s - 5 scrolls of remove curse
 t - 2 scrolls of fear
Potions
 b - 2 potions of brilliance
 d - 11 potions of curing
 e - 9 potions of heal wounds
 f - 3 potions of haste
 g - 6 potions of magic
 h - 2 potions of berserk rage
 j - 2 potions of invisibility
 k - 4 potions of resistance
 m - 5 potions of agility
 n - 5 potions of might
Comestibles
 c - 8 rations
 N - 9 chunks of flesh


   Skills:
 + Level 1.2 Fighting
 + Level 2.0 Polearms
 * Level 3.9 Armour
 + Level 9.1 Dodging
 + Level 9.0 Stealth
 + Level 7.1 Shields
 * Level 18.9 Spellcasting
 * Level 12.0 Conjurations
   Level 2.5 Necromancy
 + Level 16.2 Fire Magic
 + Level 9.7 Ice Magic
 + Level 6.6 Air Magic
 + Level 3.2 Earth Magic
 + Level 5.7 Evocations


You had 8 spell levels left.
You knew the following spells:

 Your Spells              Type           Power        Failure   Level  Hunger
a - Flame Tongue          Conj/Fire      #####        0%          1    None
c - Fireball              Conj/Fire      ########..   1%          5    None
d - Bolt of Magma         Conj/Fire/Erth ########..   1%          5    None
e - Iskenderun's Mystic   Conj           #######.     1%          4    None
f - Freezing Cloud        Conj/Ice/Air   #######...   1%          6    None
g - Ignition              Fire           ########..   1%          8    ####...
h - Ring of Flames        Chrm/Fire      #######...   24%         7    None
i - Force Lance           Conj/Tloc      ######..     1%          4    None

Your spell library contained the following spells:

 Spells                   Type           Power        Failure   Level  Hunger
 Iskenderun's Battlesphe  Conj/Chrm      ######..     1%          5    None
 Freeze                   Ice            ####         0%          1    None
 Magic Dart               Conj           ####         0%          1    None
 Searing Ray              Conj           ######       0%          2    None
 Throw Flame              Conj/Fire      ######       0%          2    None
 Conjure Flame            Conj/Fire      ########     0%          3    None
 Animate Skeleton         Necr           N/A          1%          1    None
 Pain                     Necr           ####         1%          1    None
 Ensorcelled Hibernation  Hex/Ice        ######       1%          2    None
 Passwall                 Tmut/Erth      #####...     1%          2    None
 Poisonous Vapours        Pois/Air       ######       1%          2    None
 Swiftness                Chrm/Air       ######..     1%          2    None
 Dazzling Spray           Conj/Hex       ######       1%          3    None
 Ignite Poison            Fire/Tmut/Pois #######.     1%          3    None
 Inner Flame              Hex/Fire       #######.     1%          3    None
 Mephitic Cloud           Conj/Pois/Air  ######..     1%          3    None
 Regeneration             Chrm/Necr      #####.....   1%          3    None
 Vampiric Draining        Necr           ######....   1%          3    None
 Fulminant Prism          Conj/Hex       ######....   1%          4    None
 Sticky Flame             Conj/Fire      ########     1%          4    None
 Lee's Rapid Deconstruct  Erth           ######....   1%          5    None
 Ozocubu's Refrigeration  Ice            #######...   1%          6    None
 Animate Dead             Necr           N/A          2%          4    None
 Agony                    Necr           ######..     8%          5    None
 Dispel Undead            Necr           ######..     8%          5    None
 Passage of Golubria      Tloc           N/A          9%          4    None
 Aura of Abjuration       Summ           #####.....   22%         5    None
 Darkness                 Hex            #####.....   77%         6    None
 Invisibility             Hex            #####...     77%         6    None


Dungeon Overview and Level Annotations

Branches:
Dungeon (1/1)

Altars:
Ashenzari
Cheibriados
Dithmenos
Elyvilon
Fedhas
Gozag
Hepliaklqana
Kikubaaqudgha
Makhleb
Nemelex Xobeh
Okawaru
Qazlal
Ru
Sif Muna
Trog
Uskayaw
Vehumet
Wu Jian
Xom
Yredelemnul
Zin
The Shining One
Beogh
Jiyva
Lugonu


Message History

Juinoac is lightly wounded.
The fireball engulfs Guffewath.
Guffewath resists.
Guffewath is lightly wounded.
The fireball engulfs Exinkiurr but does no damage.
Exinkiurr is severely wounded.
The fireball engulfs the infernal black sun.
The infernal black sun completely resists.
The fireball engulfs Exinkiurr!!
Exinkiurr is severely wounded.
The fireball engulfs the infernal black sun.
The infernal black sun completely resists.
The fireball engulfs Guffewath.
Guffewath resists.
Guffewath is lightly wounded.
The fireball engulfs Guffewath.
Guffewath resists.
Guffewath is lightly wounded.
Guffewath gestures at you.
A raging storm of fire appears!
The great blast of fire engulfs you!!! You partially resist.
Ouch! That really hurt!
You die...

▓..=["))..▓
▓..}[)))..▓...).|[..▓
▓.........▓....))...▓
▓....4..&.▓...)))...▓
▓......&..▓.........▓
▓....4...6▓.........▓
▓.......○○▓.▓..÷..▓.▓
▓.▓....°▓○▓....©....▓
▓....©.°v@▓▓▓▓▓▓▓▓▓▓▓
▓▓▓▓▓▓▓▓▓▓▓


You could see Exinkiurr, Guffewath, an infernal black sun, an ice devil, a rust
devil and a fire vortex.

Vanquished Creatures
  A blizzard demon (D)
  A mummy priest (D)
  A hell beast (D)
  A death scarab (D)
  A deep elf knight (D)
  A soul eater (D)
  2 spriggan druids (D)
  2 deep elf magi (D)
  An ugly thing (D)
  An orange demon (D)
  2 freezing wraiths (D)
  A rime drake (D)
  2 ice devils (D)
  A polar bear (D)
  2 guardian mummies (D)
  A queen bee (shapeshifter) (D)
  A flying skull (D)
  Sigmund (D)
  3 spriggans (D)
  2 nagas (D)
  A water moccasin (D)
  An orc warrior (D)
  2 black bears (D)
  2 wolves (D)
  Blork the orc (D)
  An earth elemental (D)
  10 orc priests (D)
  3 orc wizards (D)
  Jessica (D)
  An adder (D)
  3 orcs (D)
  A ball python (D)
  A quokka simulacrum (D)
56 creatures vanquished.

Vanquished Creatures (collateral kills)
  A greater mummy (D)
  An ice devil (D)
2 creatures vanquished.

Vanquished Creatures (others)
  Menkaure (D)
  Terence (D)
2 creatures vanquished.

Grand Total: 60 creatures vanquished

Notes
Turn   | Place    | Note
-------+----------+-------------------------------------------
     0 | D        | Found the +6 Majin-Bo {vamp, Archmagi MP+6 Int+6}
     0 | D        | Found the +7 great mace "Firestarter" {inner flame, rF++}
     0 | D        | Conn the Deep Elf Fire Elementalist began the quest for the
                  | Orb.
     0 | D        | Reached XP level 1. HP: 10/10 MP: 6/6
     0 | D        | Found a blossoming altar of Fedhas.
     1 | D        | Found a deep blue altar of Sif Muna.
     1 | D        | Found a sacrificial altar of Ru.
     1 | D        | Found a bloodstained altar of Trog.
     1 | D        | Found a stormy altar of Qazlal.
     1 | D        | Found an iron altar of Okawaru.
     1 | D        | Found a sparkling altar of Nemelex Xobeh.
     2 | D        | Killed Menkaure
     3 | D        | Found a transporter.
     3 | D        | Found an ancient bone altar of Kikubaaqudgha.
     3 | D        | Found a viscous altar of Jiyva.
     3 | D        | Found a corrupted altar of Lugonu.
     3 | D        | Found a hazy altar of Hepliaklqana.
     3 | D        | Found a burning altar of Makhleb.
     3 | D        | Found an opulent altar of Gozag.
     3 | D        | Killed Terence
    23 | D        | Became a worshipper of Vehumet
    38 | D        | Found the +9 heavy crossbow "Sniper" {velocity, Acc+∞ SInv}
    38 | D        | Found the +10 dark maul {crush}
    38 | D        | Found the +15 Maxwell's patent armour {-Cast -Tele rElec
                  | MR+ rCorr}
    38 | D        | Found the +18 shield of the Gong {rElec rN+ MR+ EV-5}
    38 | D        | Found the cursed +14 obsidian axe {chop, +Fly SInv *Curse}
    39 | D        | Found the +6 shillelagh "Devastator" {shatter}
    39 | D        | Found the +11 plutonium sword {*Contam Stlth-}
    39 | D        | Found the +8 lance "Wyrmbane" {slay drac, rPois rF+ rC+
                  | AC+3}
    39 | D        | Found the +9 sword of Zonguldrok {reap}
    39 | D        | Found the cursed +13 scythe of Curses {drain, *Curse}
    39 | D        | Found the +0 sword of Power
    39 | D        | Found the +7 mace of Variability {chain chaos}
    39 | D        | Found the +7 Singing Sword {slice, sonic wave}
    39 | D        | Found the +8 storm bow {elec, penet}
    74 | D        | Entered arena 2.
    74 | D        | Noticed a rime drake
    74 | D        | Noticed a cyan ugly thing
    74 | D        | Found a transporter.
    76 | D        | Noticed a queen bee
    76 | D        | a rime drake changed into a queen bee
    80 | D        | Killed a queen bee
    80 | D        | Reached skill level 5 in Dodging
    80 | D        | Reached skill level 5 in Stealth
    80 | D        | Reached skill level 7 in Spellcasting
    80 | D        | Reached skill level 10 in Fire Magic
    80 | D        | Reached XP level 2. HP: 15/15 MP: 7/12
    80 | D        | Reached XP level 3. HP: 19/19 MP: 7/13
    80 | D        | Reached XP level 4. HP: 24/24 MP: 8/15
    80 | D        | Reached XP level 5. HP: 28/28 MP: 8/16
    84 | D        | Killed a cyan ugly thing
    84 | D        | Reached skill level 1 in Polearms
    84 | D        | Reached skill level 9 in Spellcasting
    84 | D        | Reached XP level 6. HP: 33/33 MP: 8/20
    84 | D        | Reached XP level 7. HP: 37/37 MP: 8/22
    87 | D        | Got the cursed +2 flail "Hiovu" {distort, rC- rN+++ Dex+5}
   115 | D        | Entered arena 3.
   115 | D        | Noticed Sigmund
   115 | D        | Noticed Jessica
   115 | D        | Noticed Blork the orc
   115 | D        | Found a transporter.
   116 | D        | Killed Jessica
   116 | D        | Reached * piety under Vehumet
   116 | D        | Offered knowledge of Freeze by Vehumet.
   118 | D        | Killed Blork the orc
   120 | D        | Killed Sigmund
   120 | D        | Reached skill level 10 in Spellcasting
   137 | D        | Got the Compendium of Ignition and Unholy Rituals
   143 | D        | Learned a level 4 spell: Sticky Flame
   149 | D        | Learned a level 5 spell: Fireball
   155 | D        | Learned a level 5 spell: Bolt of Magma
   160 | D        | Learned a level 4 spell: Animate Dead
   174 | D        | Entered arena 4.
   174 | D        | Noticed a deep elf mage
   174 | D        | Noticed a deep elf mage
   174 | D        | Noticed a deep elf knight
   174 | D        | Found a transporter.
   177 | D        | Killed a deep elf mage
   177 | D        | Reached ** piety under Vehumet
   177 | D        | Reached skill level 11 in Spellcasting
   177 | D        | Reached XP level 8. HP: 42/42 MP: 11/25
   177 | D        | Killed a deep elf knight
   177 | D        | Reached skill level 12 in Spellcasting
   178 | D        | Killed a deep elf mage
   178 | D        | Reached skill level 5 in Conjurations
   178 | D        | Reached XP level 9. HP: 46/46 MP: 12/27
   209 | D        | Got the Compendium of the Icy Escort
   217 | D        | Learned a level 6 spell: Freezing Cloud
   266 | D        | Entered arena 5.
   266 | D        | Found a transporter.
   267 | D        | Reached *** piety under Vehumet
   267 | D        | Offered knowledge of Magic Dart by Vehumet.
   267 | D        | Reached skill level 1 in Ice Magic
   276 | D        | Got the amulet of the Frog {Spirit +Blink rElec}
   421 | D        | Entered arena 6.
   421 | D        | Found a transporter.
   422 | D        | Offered knowledge of Searing Ray by Vehumet.
   422 | D        | Reached **** piety under Vehumet
   423 | D        | Reached skill level 1 in Air Magic
   423 | D        | Reached skill level 13 in Spellcasting
   446 | D        | Reached XP level 10. HP: 51/51 MP: 26/29
   461 | D        | Entered arena 7.
   461 | D        | Noticed a death scarab
   461 | D        | Noticed a mummy priest
   461 | D        | Noticed a greater mummy
   464 | D        | Noticed a phantasmal warrior
   467 | D        | Found a transporter.
   470 | D        | Killed a death scarab
   470 | D        | Reached ***** piety under Vehumet
   470 | D        | Reached skill level 5 in Shields
   470 | D        | Reached skill level 15 in Fire Magic
   470 | D        | Reached skill level 14 in Spellcasting
   471 | D        | Killed a mummy priest
   476 | D        | Noticed a mana viper
   478 | D        | Killed a greater mummy
   478 | D        | Reached skill level 1 in Fighting
   478 | D        | Reached skill level 16 in Spellcasting
   478 | D        | Reached skill level 5 in Air Magic
   478 | D        | Reached skill level 5 in Evocations
   478 | D        | Reached XP level 11. HP: 33/56 MP: 0/33
   481 | D        | Got the amulet of Syoqahuv {+Rage rElec Str+4}
   643 | D        | Learned a level 6 spell: Ozocubu's Refrigeration
   643 | D        | Entered arena 8.
   644 | D        | Offered knowledge of Dazzling Spray by Vehumet.
   644 | D        | Reached ****** piety under Vehumet
   646 | D        | Found a transporter.
   661 | D        | Learned a level 7 spell: Ring of Flames
   670 | D        | Learned a level 4 spell: Force Lance
   676 | D        | Learned a level 4 spell: Iskenderun's Mystic Blast
   679 | D        | Got the amulet "Gehatuj" {+Blink +Rage MR+}
   695 | D        | Entered arena 9.
   696 | D        | Found a transporter.
   730 | D        | Entered arena 10.
   731 | D        | Found the brooch of Shielding {Reflect SH+8}
   731 | D        | Found the +8 Wrath of Trog {antimagic, *Rage}
   732 | D        | Reached skill level 1 in Armour
   732 | D        | Reached skill level 10 in Conjurations
   733 | D        | Reached skill level 17 in Spellcasting
   737 | D        | Found a transporter.
   747 | D        | Got the Collected Works on Necromancy and Ignition
   845 | D        | Learned a level 8 spell: Ignition
   856 | D        | Entered arena 11.
   856 | D        | Noticed a spriggan druid
   856 | D        | Noticed a spriggan druid
   857 | D        | Offered knowledge of Iskenderun's Battlesphere by Vehumet.
   857 | D        | Killed a spriggan druid
   858 | D        | Killed a spriggan druid
   862 | D        | Found a transporter.
   955 | D        | Entered arena 12.
   955 | D        | Noticed a hell beast
   955 | D        | Noticed Exinkiurr the pandemonium lord
   955 | D        | Noticed a soul eater
   955 | D        | Noticed an infernal black sun
   960 | D        | Killed a blizzard demon
   960 | D        | Reached skill level 18 in Spellcasting
   960 | D        | Reached XP level 12. HP: 61/61 MP: 26/36
   960 | D        | Noticed Juinoac the pandemonium lord
   960 | D        | Noticed Guffewath the pandemonium lord
   961 | D        | Killed a hell beast
   964 | D        | Killed from afar by Guffewath the pandemonium lord

Levels and vault maps discovered:
D:        sprint_v [room_start, room_1, room_2, room_3, room_4, room_5, room_6,
          room_7, room_8, room_9, room_10, room_11, room_12, room_13, room_14,
          room_15, room_16, room_17, room_18, room_19, room_20, room_21,
          room_22, room_23, room_24, room_25, room_26, room_27]

Skill      XL: |  1  2  3  4  5  6  7  8  9 10 11 12 |
---------------+-------------------------------------+-----
Dodging        | 5 7 8 9 |  9.1
Stealth        | 5 6 7 8 9 |  9.0
Spellcasting   | 7 9 11 12 13 16 18 | 18.9
Conjurations   | 2 3 5 6 9 11 12 | 12.0
Fire Magic     | 10 12 13 14 15 16 | 16.2
Polearms       | 1 2 |  2.0
Evocations     | 2 3 4 5 |  5.7
Shields        | 2 3 4 6 7 |  7.1
Ice Magic      | 6 9 |  9.7
Air Magic      | 1 5 6 |  6.6
Fighting       | 1 |  1.2
Necromancy     | 2 |  2.5
Earth Magic    | 2 3 |  3.2
Armour         | 3 |  3.9

Action                   |  1- 3 |  4- 6 |  7- 9 | 10-12 || total
-------------------------+-------+-------+-------+-------++-------
Melee: Lance             |     1 |     3 |     9 |     1 ||    14
 Cast: Fireball          |       |       |     7 |    10 ||    17
       Flame Tongue      |       |       |     1 |     1 ||     2
       Bolt of Magma     |       |       |     1 |     4 ||     5
       Animate Dead      |       |       |     1 |     1 ||     2
       Freezing Cloud    |       |       |       |     2 ||     2
       Ignition          |       |       |       |     5 ||     5
       Sticky Flame      |       |       |       |     2 ||     2
       Force Lance       |       |       |       |     1 ||     1
Evoke: Wand              |     2 |     1 |     4 |     2 ||     9
  Use: Potion            |     1 |     1 |     1 |     4 ||     7
       Scroll            |     1 |       |       |     5 ||     6
 Stab: Distracted        |       |       |     1 |       ||     1
  Eat: Chunk             |       |       |       |     1 ||     1
Armor: Ring mail         |       |       |       |     1 ||     1
Dodge: Dodged            |       |     2 |     3 |     6 ||    11
Block: Buckler           |       |       |     1 |     5 ||     6

Table legend:
 A = Non-vault XP
 B = Vault XP
 C = Vault XP percentage of total XP
 D = Non-vault monster count
 E = Vault monster count
 F = Vault count percentage of total count
                 A         B        C        D         E       F
            +---------+---------+-------+---------+---------+-------
      Total |       0 |   20943 | 100.0 |       0 |      58 | 100.0
            +---------+---------+-------+---------+---------+-------
          D |       0 |   20943 | 100.0 |       0 |      58 | 100.0
            +---------+---------+-------+---------+---------+-------
